AoeStats
← Snobyman

Pilgrims

509021376Analyzed
4v4 RM · 8d ago on Sep 25, 2026· 43m 33s· 8 players
Game mode
Random Map
Map size
Large (8 player)
Population
200
Speed
Normal
Resources
Standard
Victory
Conquest
Starting age
Dark Age
Ending age
Imperial Age
RankedLock teamsTeams togetherTeam positionsShared explorationLock speedFull tech treeHidden civsTurbo modeCheats
Victory
Defeat
🇭🇰 Burgundians · Hong Kong SAR China
628
+10
🇧🇷 Britons · Brazil
613
+10
🇨🇳 Franks · China
603
+10
🇧🇷 Celts · Brazil
601
+11
🇨🇦 Spanish · Canada
543
-12
506
-11
🇨🇴 Vietnamese · Colombia
468
-10
🇦🇺 Varangians · Australia
399
-8
Sour
9:58 Feudal Age
12:07 Town Watch
15:24 Wheelbarrow
16:50 Loom
24:42 Castle Age
25:48 Town Patrol
26:04 Hand Cart
27:44 Guard Tower
30:22 Ballistics
32:04 Man-at-Arms
Snobyman
9:44 Feudal Age
10:32 Loom
FearsomeBadge81
General Benjamin Ha Rola
6:22 Loom
16:36 Feudal Age
18:40 Man-at-Arms
19:06 Arson
26:15 Castle Age
24:25 Fishing Lines
26:54 Horse Collar
26:39 Demolition Ship
27:32 Medium Warships
30:09 Wheelbarrow
29:25 Pikeman
29:26 Long Swordsman
29:51 Gambesons
30:07 Squires
30:01 Town Watch
30:52 Town Patrol
38:41 Redemption
40:39 Murder Holes
Carpeado BR
3:48 Loom
12:08 Feudal Age
12:57 Horse Collar
13:09 Fishing Lines
13:27 Double-Bit Axe
13:52 Man-at-Arms
18:47 Forging
18:38 Scale Mail Armor
18:29 Fletching
21:15 Arson
21:28 Gold Mining
21:28 Stone Mining
26:18 Castle Age
24:59 Wheelbarrow
26:58 Long Swordsman
27:29 Gambesons
29:04 Chain Mail Armor
29:26 Iron Casting
28:47 Bodkin Arrow
32:26 Hand Cart
31:57 Town Watch
33:56 Gillnets
38:03 Imperial Age
39:25 Elite Woad Raider
44:37 Chemistry
43:35 Murder Holes
Harry PHJ
ZIXIII
5:16 Loom
14:02 Feudal Age
15:51 Double-Bit Axe
16:28 Fishing Lines
17:36 Wheelbarrow
17:04 Gold Mining
25:04 Castle Age
24:34 Stone Mining
26:07 Hand Cart
26:03 Bow Saw
26:32 Gold Shaft Mining
25:52 Gillnets
26:18 Medium Warships
25:33 Demolition Ship
26:27 Town Watch
26:54 Scale Barding Armor
27:00 Forging
26:55 Scale Mail Armor
27:06 Fletching
27:17 Padded Archer Armor
27:20 Town Patrol
29:11 Husbandry
29:48 Pikeman
29:52 Elite Skirmisher
31:07 Treadmill Crane
34:35 Scale Mail Armor
34:55 Chain Barding Armor
35:11 Iron Casting
36:36 Squires
39:55 Ballistics
39:07 Crossbowman
1961861699
9:00 Loom
12:29 Feudal Age
14:25 Double-Bit Axe
17:02 Castle Age
15:22 Fishing Lines
18:30 Bow Saw
19:31 Stone Mining
22:13 Wheelbarrow
22:57 Husbandry
23:43 Hand Cart
23:37 Gillnets
24:34 Scale Mail Armor
25:37 Gold Mining
33:02 Imperial Age
30:55 Forging
31:00 Chain Mail Armor
30:52 Scale Barding Armor
31:41 Ordonnance Companies
33:16 Fletching
33:47 Chain Barding Armor
34:10 Conscription
33:52 Chivalry
33:49 Cranequins
33:56 Heavy Mounted Crossbowman
36:10 Iron Casting
35:51 Chain Mail Armor
37:53 Blast Furnace
41:46 Medium Warships
42:54 Plate Mail Armor
42:24 Elite Throwing Axeman
Connection lost

Rejoining the realm…

Still unreachable

The connection could not be restored.

Session expired

The server has moved on; the page needs a fresh start.